 Dungeon Crawl Stone Soup version 0.20-a0-960-ge493e74 (webtiles) character file.

22104 Rrauwl the Grappler (level 12, -5/126 HPs)
             Began as a Troll Transmuter on Apr 7, 2017.
             Was a Priest of Ashenzari.
             Slain by an orc warrior
             ... wielding a +0 trident
             ... led by an orc warlord
              (32 damage)
             ... on level 12 of the Dungeon.
             The game lasted 01:19:30 (12466 turns).

Rrauwl the Grappler (Troll Transmuter)             Turns: 12466, Time: 01:19:31

Health: -5/126     AC:  6    Str: 21    XL:     12   Next: 60%
Magic:  12/15      EV: 14    Int: 13    God:    Ashenzari [***...]
Gold:   863        SH:  3    Dex: 10    Spells: 8/17 levels left

rFire    + . .     SeeInvis +     - Unarmed
rCold    + + +     Gourm    +   (shield currently unavailable)
rNeg     + . .     Faith    .   (armour currently unavailable)
rPois    +         Spirit   .   (helmet currently unavailable)
rElec    .         Reflect  +   (cloak currently unavailable)
rCorr    .         Harm     .   (gloves unavailable)
MR       .....                  (boots unavailable)
Stlth    +.........             G - amulet of Vaagroso {Reflect rF+ rN+ SH+3}
Regen    0.8/turn               j - ring of protection from fire (curse)
MPRegen  0.2/turn               r - +3 ring of evasion (curse)

@: ice-form
A: unfitting armour, (claws 0), fast metabolism 3, gourmand, mutation resistance
1, sense surroundings 1, regeneration 1, (shaggy fur 0), (tough skin 0)
a: End Transformation, Curse Item, Scrying, Renounce Religion


You were on level 12 of the Dungeon.
You worshipped Ashenzari.
Ashenzari was most pleased with you.
You were not hungry.
You were a creature of crystalline ice.
You visited 4 branches of the dungeon, and saw 15 of its levels.
You also visited: Ossuary.

You collected 863 gold pieces.

Inventory:

Hand Weapons
 b - a +1 whip of electrocution
 z - a +0 giant spiked club
Missiles
 a - 305 arrows
 D - 4 large rocks (quivered)
Armour
 n - a +2 cloak (melded)
 I - a +2 troll leather armour (melded) {Snorg}
Jewellery
 j - a cursed ring of protection from fire (left front paw)
 r - a cursed +3 ring of evasion (right front paw)
 G - the amulet of Vaagroso (around neck) {Reflect rF+ rN+ SH+3}
   (You found it on level 9 of the Dungeon)

   [amulet of reflection]

   It shields you and reflects attacks.
   It protects you from fire.
   It protects you from negative energy.
   It affects your SH (+3).
 H - an uncursed ring of positive energy
Wands
 c - a wand of flame (19/48)
 g - a wand of digging (15/24)
 q - a wand of scattershot (5/9)
 u - a wand of lightning (7/15)
 J - a wand of disintegration (20/24)
 K - a wand of iceblast (5/15)
 L - a wand of enslavement (6/24)
 O - a wand of lightning (3/15)
Scrolls
 d - 2 scrolls of vulnerability
 e - 6 scrolls of teleportation
 i - 8 scrolls of identify
 t - a scroll of fog
 F - 2 scrolls of fear
Potions
 p - 3 potions of magic
 C - 3 potions of curing
 N - 3 potions of haste
Books
 k - a book of Fire

   Spells                             Type                      Level
   a - Ignite Poison                  Fire/Transmutation/Poison    3
   b - Fireball                       Conjuration/Fire             5
   c - Bolt of Fire                   Conjuration/Fire             6
   d - Ring of Flames                 Charms/Fire                  7
   e - Ignition                       Fire                         8
Miscellaneous
 h - a lightning rod (4/4)
Comestibles
 f - 8 royal jellies
 l - 12 fruits
 o - 2 meat rations
 s - 3 bread rations


   Skills:
 - Level 3.0 Fighting
 - Level 3.1 Maces & Flails
 - Level 6.0 Throwing
 - Level 2.0 Armour
 - Level 5.1 Dodging
 + Level 13.8 Unarmed Combat
 - Level 3.0 Spellcasting
 - Level 6.0(7.9) Transmutations
 - Level 5.0(6.8) Ice Magic
 - Level 3.0(4.6) Earth Magic
 - Level 2.2(3.7) Evocations


You had 8 spell levels left.
You knew the following spells:

 Your Spells              Type           Power        Failure   Level  Hunger
a - Beastly Appendage     Tmut           ###...       1%          1    #......
b - Sticks to Snakes      Tmut           ###.....     1%          2    ###....
c - Passwall              Tmut/Erth      ###.......   2%          2    ###....
d - Ice Form              Ice/Tmut       ###.....     12%         4    #####..


Dungeon Overview and Level Annotations

Branches:
Dungeon (12/15)            Temple (1/1) D:6            Lair (1/6) D:11
    Orc (1/2) D:12

Altars:
Ashenzari
Cheibriados
Dithmenos
Elyvilon
Fedhas
Gozag
Hepliaklqana
Kikubaaqudgha
Makhleb
Nemelex Xobeh
Okawaru
Qazlal
Ru
Sif Muna
Trog
Uskayaw
Vehumet
Wu Jian
Xom
Yredelemnul
Zin
The Shining One

Shops:
D:6 [

Annotations:
D:2 Terence


Innate Abilities, Weirdness & Mutations

You are too large for most types of armour.
((You have claws for hands.))
Your metabolism is lightning-fast.
You like to eat raw meat.
Your natural rate of healing is unusually fast.
((You are covered in fur. (AC +1)))
((You have very tough skin. (AC +2)))
You are somewhat resistant to further mutation.
You passively map a small area around you.


Message History

an uncursed dagger; an uncursed robe You hit the orc warrior.
You freeze the orc warrior.
The orc warrior is moderately wounded.
The orc closely misses you.
The orc warrior hits you with a war axe!!
You hit the orc warrior. You freeze the orc warrior.
The orc warrior is moderately wounded.
You hit the orc warrior but do no damage.
The orc warrior is moderately wounded.
The orc barely misses you. The orc warrior closely misses you.
The orc warrior hits you with a trident!
You pummel the orc!! You freeze the orc.
You kill the orc!
The orc warrior hits you with a war axe!!
* * * LOW HITPOINT WARNING * * *
The orc barely misses you.
You punch the orc! You freeze the orc.
You kill the orc!
The orc warrior hits you with a trident!!
You die...

....### #.#.##..#.##.#.))### ##.
......###.###.#.######.#.######..
..........####......##)##..##...#
.......<####.......#.....#..#.###
.........##..##.##).#[#.##..#....
.........###..#.#..#).##.#.##....
.........###.#####..##.#..###....
........###.##..o>.........##....
........# ####.#Y)##.###.####....
........# ###..o#.#...#.# #...#
).......# #........##..#####...#
........# #...#..#....#.#.##...#
........# #....##.#..#.....#..##
........# #.###...####.#####.##
.......## ##.#..###........####
.......# #...#..###..##.#..###
.......# ###.#.....##.#..##..###


You could see 2 orc warriors.

Vanquished Creatures
  Rupert (D:12)
  Snorg (D:10)
  Josephine (D:12)
  Harold (D:12)
  A two-headed ogre (D:10)
  2 unseen horrors
  A deep elf mage (D:12)
  2 oklob plants (D:11)
  An orc sorcerer (D:12)
  Psyche (D:12)
  A gargoyle (D:10)
  A yaktaur (shapeshifter) (D:12)
  2 komodo dragons (Lair:1)
  A troll (D:11)
  Prince Ribbit (D:7)
  A hornet (D:11)
  5 hippogriffs
  The ghost of Conn321 the Chiller, an amateur DEIE of Sif Muna (Ossuary)
  4 wraiths (D:12)
  A human (D:12)
  6 yaks (D:11)
  4 hogs (D:12)
  Grum (D:9)
  A hungry ghost (D:10)
  Menkaure (D:6)
  Edmund (D:6)
  Duvessa (D:6)
  2 water moccasins
  8 orc warriors
  5 sky beasts
  3 phantoms
  4 ice beasts
  A black bear (D:8)
  3 necrophages
  10 centaurs
  4 wolves (D:9)
  8 ogres
  An elf zombie (Ossuary)
  6 bullfrogs
  A wyvern zombie (D:9)
  A wyvern skeleton (D:11)
  3 scorpions
  Dowan (D:6)
  11 killer bees
  4 howler monkeys
  14 wights
  6 crimson imps
  12 hounds
  A quasit (D:6)
  3 centaur zombies
  Crazy Yiuf (D:6)
  7 orc priests
  2 jellies
  13 orc wizards
  2 gnoll shamans
  4 iguanas
  Natasha (thrice) (D:3)
  9 worker ants
  A big kobold zombie (Ossuary)
  4 hound zombies
  4 mummies
  9 gnolls
  A howler monkey skeleton (D:4)
  9 adders
  3 shadow imps
  6 adder zombies
  A worm (D:3)
  3 leopard geckos
  47 orcs
  3 ball pythons
  8 giant cockroaches
  10 hobgoblins
  13 jackals
  3 quokkas
  5 bats
  6 frilled lizards
  5 gnoll zombies (Ossuary)
  8 goblins
  2 goblin zombies (Ossuary)
  3 hobgoblin zombies (Ossuary)
  A jackal skeleton (D:6)
  3 jackal zombies (Ossuary)
  4 kobolds
  5 kobold zombies (Ossuary)
  A leopard gecko zombie (D:8)
  An orc zombie (Ossuary)
  3 quokka zombies (Ossuary)
  7 rats
  4 rat zombies (Ossuary)
  2 plants (D:11)
383 creatures vanquished.

Vanquished Creatures (others)
  A worker ant (D:12)
  An adder (D:8)
2 creatures vanquished.

Grand Total: 385 creatures vanquished

Notes
Turn   | Place    | Note
-------+----------+-------------------------------------------
     0 | D:1      | Rrauwl the Troll Transmuter began the quest for the Orb.
     0 | D:1      | Reached XP level 1. HP: 18/18 MP: 1/1
   109 | D:1      | Reached skill level 1 in Fighting
   789 | D:2      | Reached XP level 2. HP: 27/27 MP: 2/2
  1008 | D:2      | Found a snail-covered altar of Cheibriados.
  1244 | D:2      | Noticed Terence
  1285 | D:2      | Found a shimmering altar of Xom.
  1288 | D:2      | Found a glowing golden altar of the Shining One.
  1290 | D:2      | Reached XP level 3. HP: 33/33 MP: 3/3
  1296 | D:2      | Found a shattered altar of Ashenzari.
  1300 | D:2      | Became a worshipper of Ashenzari the Shackled
  1600 | D:3      | Noticed Natasha
  1609 | D:3      | Killed Natasha
  1609 | D:3      | Reached skill level 4 in Unarmed Combat
  1627 | D:3      | Learned a level 2 spell: Sticks to Snakes
  1701 | D:3      | Noticed Natasha
  1713 | D:3      | Killed Natasha
  1713 | D:3      | Reached XP level 4. HP: 35/41 MP: 4/4
  1740 | D:3      | Noticed Natasha
  1747 | D:3      | Killed Natasha
  1747 | D:3      | Reached skill level 5 in Unarmed Combat
  1880 | D:3      | Reached XP level 5. HP: 48/48 MP: 5/5
  2039 | D:3      | You fall through a shaft for 3 floors!
  2050 | D:5      | Entered Level 5 of the Dungeon
  2107 | D:5      | Found an ornate altar of the Wu Jian Council.
  2120 | D:4      | Found a sparkling altar of Nemelex Xobeh.
  2129 | D:3      | Reached skill level 6 in Unarmed Combat
  2535 | D:4      | Reached XP level 6. HP: 37/55 MP: 7/7
  2646 | D:4      | Found a sacrificial altar of Ru.
  2853 | D:4      | Reached XP level 7. HP: 59/62 MP: 7/9
  2979 | D:4      | Found a bloodstained altar of Trog.
  3091 | D:4      | Reached skill level 7 in Unarmed Combat
  3582 | D:6      | Noticed Dowan
  3589 | D:6      | Killed Dowan
  3590 | D:6      | Noticed Duvessa
  3601 | D:6      | HP: 3/62 [Duvessa/short sword (1)]
  3602 | D:6      | Killed Duvessa
  3602 | D:6      | Reached skill level 1 in Evocations
  3602 | D:6      | Reached XP level 8. HP: 3/70 MP: 6/10
  3607 | D:6      | HP: 3/70 [poisoned by Dowan]
  3762 | D:6      | Found a runed door.
  3767 | D:6      | Noticed Crazy Yiuf
  3771 | D:6      | Killed Crazy Yiuf
  3817 | D:6      | Learned a level 2 spell: Passwall
  3856 | D:6      | Reached * piety under Ashenzari
  3950 | D:6      | Found a deep blue altar of Sif Muna.
  3985 | D:6      | Reached skill level 1 in Earth Magic
  4087 | D:6      | Noticed Edmund
  4096 | D:6      | Killed Edmund
  4096 | D:6      | Reached skill level 8 in Unarmed Combat
  4158 | D:6      | Found a white marble altar of Elyvilon.
  4194 | D:6      | Noticed Menkaure
  4208 | D:6      | Killed Menkaure
  4212 | D:6      | Reached skill level 1 in Armour
  4233 | D:6      | Found Qunamnen's Antique Armour Boutique.
  4318 | D:6      | Found a staircase to the Ecumenical Temple.
  4324 | Temple   | Entered the Ecumenical Temple
  4677 | D:7      | Found a snail-covered altar of Cheibriados.
  4750 | D:7      | Reached XP level 9. HP: 49/79 MP: 11/11
  4892 | D:7      | Found a radiant altar of Vehumet.
  4996 | D:7      | Noticed Prince Ribbit
  5006 | D:7      | Killed Prince Ribbit
  5386 | D:7      | Reached skill level 9 in Unarmed Combat
  5654 | D:8      | Found a sand-covered staircase.
  5665 | Ossuary  | Entered an ossuary
  5860 | Ossuary  | Noticed Conn321's ghost (amateur DEIE)
  5877 | Ossuary  | Killed Conn321's ghost
  6094 | D:8      | Reached skill level 5 in Dodging
  6100 | D:8      | Learned a level 4 spell: Ice Form
  6168 | D:8      | Reached skill level 10 in Unarmed Combat
  6488 | D:8      | Reached ** piety under Ashenzari
  6499 | D:8      | Reached skill level 1 in Ice Magic
  6499 | D:8      | Reached XP level 10. HP: 91/91 MP: 12/12
  7491 | D:9      | Found a stormy altar of Qazlal.
  7498 | D:9      | Identified the amulet of Vaagroso {Reflect rF+ rN+ SH+3}
  7501 | D:9      | Noticed a two-headed ogre
  7507 | D:9      | HP: 2/91 [bullfrog (3)]
  7882 | D:9      | Reached skill level 11 in Unarmed Combat
  7900 | D:9      | Noticed Grum
  7921 | D:9      | Killed Grum
  8111 | D:9      | Found an opulent altar of Gozag.
  8166 | D:9      | Found a shadowy altar of Dithmenos.
  8235 | D:10     | Entered Level 10 of the Dungeon
  8294 | D:10     | Noticed Snorg
  8596 | D:10     | Noticed a two-headed ogre
  8602 | D:10     | Killed a two-headed ogre
  8616 | D:10     | Killed an unseen horror
  8616 | D:10     | Reached skill level 5 in Ice Magic
  8616 | D:10     | Reached XP level 11. HP: 91/97 MP: 9/13
  8763 | D:10     | Killed Snorg
  8763 | D:10     | Reached skill level 12 in Unarmed Combat
  9075 | D:11     | Reached skill level 1 in Throwing
  9254 | D:11     | Reached skill level 5 in Transmutations
  9262 | D:11     | Reached *** piety under Ashenzari
  9262 | D:11     | Noticed an oklob plant
  9514 | D:11     | Found a staircase to the Lair.
  9514 | D:11     | Noticed an oklob plant
  9565 | D:11     | Paralysed by a hornet for 2 turns
  9600 | D:11     | Noticed an unseen horror
  9605 | D:11     | Killed an unseen horror
 10196 | D:11     | Gained mutation: Armour fits poorly on your strangely shaped body. [mutagenic meat]
 10197 | D:11     | Gained mutation: Your mind is acute. (Int +2) [mutagenic meat]
 10198 | D:11     | Lost mutation: Armour fits poorly on your strangely shaped body. [mutagenic meat]
 10354 | D:11     | Killed an oklob plant
 10466 | D:11     | Killed an oklob plant
 10490 | Lair:1   | Entered Level 1 of the Lair of Beasts
 10746 | Lair:1   | Noticed a five-headed hydra
 10933 | D:12     | Noticed a deep elf mage
 10941 | D:12     | Killed a deep elf mage
 11134 | D:12     | Noticed an eight-headed hydra
 11380 | D:12     | Reached skill level 1 in Maces & Flails
 11444 | D:12     | Reached XP level 12. HP: 105/105 MP: 15/15
 11474 | D:12     | Reached skill level 13 in Unarmed Combat
 11516 | D:12     | Found a staircase to the Orcish Mines.
 11553 | D:12     | Lost mutation: Your mind is acute. (Int +2) [mutagenic meat]
 11554 | D:12     | Gained mutation: You are somewhat resistant to further mutation. [mutagenic meat]
 11556 | D:12     | Gained mutation: You passively map a small area around you. [mutagenic meat]
 11623 | D:12     | Noticed Harold
 11628 | D:12     | Noticed Rupert
 11645 | D:12     | Killed Rupert
 11645 | D:12     | Reached skill level 5 in Throwing
 11649 | D:12     | Killed Harold
 12029 | D:12     | Gained mutation: You are frail. (-10% HP) [mutagenic meat]
 12030 | D:12     | Lost mutation: You are frail. (-10% HP) [mutagenic meat]
 12078 | D:12     | Noticed Josephine
 12092 | D:12     | Killed Josephine
 12304 | D:12     | Noticed Psyche
 12315 | D:12     | Killed Psyche
 12454 | Orc:1    | Entered Level 1 of the Orcish Mines
 12454 | Orc:1    | Noticed an orc warlord
 12466 | D:12     | Slain by an orc warrior

Vault maps used:
D:1:      dpeg_arrival_solitude, glass_columns_a
D:2:      lemuel_upstairs_altar, nicolae_overflow_hidden_temple,
          lemuel_coloured_pillars_altar, grunt_temple_overflow_diamond,
          uniq_terence
D:3:      minmay_item_behind_shaft, minmay_misc_feat_alley, uniq_natasha
D:4:      lightli_temple_of_fire, overflow_temple_1_default,
          nemelex_xobeh_ov_fountains_minmay
D:5:      lemuel_crystal_altar, first_bread
D:6:      lemuel_doored_altar, kennysheep_mini, minmay_temple_entry_hall,
          serial_shops, kennysheep_little_box, minmay_misc_feat_ornament,
          hangedman_abyss_or_decor_passed, uniq_crazy_yiuf_cottage,
          uniq_menkaure, uniq_edmund, uniq_duvessa
D:7:      lemuel_crystal_altar, cheibriados_altar_1, uniq_prince_ribbit1
D:8:      gup_ossuary_entry_pyramid
D:9:      grunt_gozag_breadcrumbs, old_standard_altar, basic_altar, uniq_grum
D:10:     kennysheep_blocky_hall, uniq_snorg
D:11:     dpeg_oklobed_lair
D:12:     erik_orc_3, grunt_livestock, uniq_rupert, uniq_harold, uniq_josephine,
          uniq_psyche
Temple:   compressed_dpeg_triangle_lava_temple
Lair:1:   serial_bayou_crossing, grunt_megastairs_1, serial_bayou_shore_b
Ossuary:  minmay_ossuary_two_tombs

Skill      XL: |  1  2  3  4  5  6  7  8  9 10 11 12 |
---------------+-------------------------------------+-----
Fighting       | 1 2 3 |  3.0
Dodging        | 2 5 |  5.1
Unarmed Combat | 4 5 6 7 8 10 11 12 13 | 13.8
Transmutations | 2 3 4 5 6 |  6.0
Spellcasting   | 2 3 |  3.0
Evocations     | 1 2 |  2.2
Earth Magic    | 2 3 |  3.0
Armour         | 2 |  2.0
Ice Magic      | 1 5 |  5.0
Throwing       | 4 6 |  6.0
Maces & Flails | 1 3 |  3.1

Action                   |  1- 3 |  4- 6 |  7- 9 | 10-12 || total
-------------------------+-------+-------+-------+-------++-------
Melee: Unarmed           |    91 |   132 |   438 |   665 ||  1326
       Kick              |       |     2 |    28 |    27 ||    57
       Punch             |       |     1 |    22 |    27 ||    50
       Headbutt          |       |     1 |    12 |     3 ||    16
       Giant spiked club |       |       |       |     2 ||     2
       Whip              |       |       |       |     1 ||     1
Throw: Large rock        |       |       |       |     5 ||     5
 Cast: Beastly Appendage |       |     4 |    19 |    29 ||    52
       Sticks to Snakes  |       |       |     8 |     4 ||    12
       Ice Form          |       |       |       |    10 ||    10
Invok: Curse Item        |       |     1 |     2 |       ||     3
 Abil: Evoke Berserk Rag |       |       |       |     1 ||     1
Evoke: Wand              |       |       |     2 |     3 ||     5
  Use: Scroll            |     9 |     2 |     6 |     9 ||    26
       Potion            |     2 |     3 |     3 |     7 ||    15
 Stab: Sleeping          |     2 |       |       |       ||     2
       Distracted        |       |       |     3 |       ||     3
  Eat: Chunk             |    17 |    10 |    33 |    76 ||   136
       Bread ration      |     1 |       |       |       ||     1
Armor: Robe              |    38 |    36 |   114 |    77 ||   265
       Skin              |       |       |       |    14 ||    14
       Troll leather arm |       |       |       |    91 ||    91
Dodge: Dodged            |    42 |    72 |   245 |   401 ||   760
Block: Other             |       |       |       |    51 ||    51
       Reflection        |       |       |       |     3 ||     3
